SAA
LONG ISLAND SEAWOLVES @ SAN BERNARDINO GRASSHOPPERS
08/22/2021
 
TOP OF THE 1ST
Long Island Seawolves batting - Pitching for San Bernardino Grasshoppers : RHP Jeff Mayer
Pitching: RHP Jeff Mayer
Batting: RHB Francisco García 0-0: Ball
1-0: Ball
2-0: Called Strike
2-1: Called Strike
2-2: Ball
3-2: Fly out, F6 (Popup, 6D)
Batting: RHB Jim Unknown 0-0: Called Strike
0-1: Swinging Strike
0-2: Ball
1-2: Ball
2-2: Ball
3-2: Foul Ball, location: 2F
3-2: Reached on error, E5 (Groundball, 56S)
Batting: SHB Carroll Kline 0-0: Foul Ball, location: 2F
0-1: Ball
Jim Unknown is caught stealing 2nd base
1-1: Called Strike
1-2: Foul Ball, location: 2F
1-2: Ball
2-2: Strikes out swinging
Top of the 1st over - 0 run(s), 0 hit(s), 1 error(s), 0 left on base; Long Island 0 - San Bernardino 0
BOTTOM OF THE 1ST
San Bernardino Grasshoppers batting - Pitching for Long Island Seawolves : LHP Jim Unknown
Pitching: LHP Jim Unknown
Batting: SHB Troy Grant 0-0: Called Strike
0-1: Called Strike
0-2: Ball
1-2: Foul Ball, location: 2F
1-2: Strikes out swinging
Batting: RHB Mark Field 0-0: Foul Ball, location: 2F
0-1: Ball
1-1: Ball
2-1: Ground out 4-3 (Groundball, 34S)
Batting: RHB Cal Robinson 0-0: Ball
1-0: Ball
2-0: Ball
3-0: Base on Balls
Batting: RHB Arlen King 0-0: Ball
1-0: Ground out 2-3 (Groundball, 25)
Bottom of the 1st over - 0 run(s), 0 hit(s), 0 error(s), 1 left on base; Long Island 0 - San Bernardino 0
TOP OF THE 2ND
Long Island Seawolves batting - Pitching for San Bernardino Grasshoppers : RHP Jeff Mayer
Batting: RHB Roy Clay 0-0: Foul Ball, location: 2F
0-1: Ground out 6-3 (Groundball, 6M)
Batting: SHB Terry Conley 0-0: Ball
1-0: Ball
2-0: Called Strike
2-1: Foul Ball, location: 2F
2-2: Foul Ball, location: 2F
2-2: Fly out, F8 (Line Drive, 8LS)
Batting: SHB Jim Unknown 0-0: Swinging Strike
0-1: SINGLE (Line Drive, 8LS)
Batting: RHB David Morales 0-0: Ball
1-0: Fly out, F8 (Flyball, 8LXD)
Top of the 2nd over - 0 run(s), 1 hit(s), 0 error(s), 1 left on base; Long Island 0 - San Bernardino 0
BOTTOM OF THE 2ND
San Bernardino Grasshoppers batting - Pitching for Long Island Seawolves : LHP Jim Unknown
Batting: LHB Roberto Marino 0-0: Ball
1-0: Called Strike
1-1: Ground out 3-1 (Groundball, 34)
Batting: SHB Joe Adams 0-0: Ball
1-0: Fly out, F4 (Popup, 4MD)
Batting: RHB Frank Collins 0-0: Ball
1-0: Ball
2-0: Called Strike
2-1: Ground out 1-3 (Groundball, 13S)
Bottom of the 2nd over - 0 run(s), 0 hit(s), 0 error(s), 0 left on base; Long Island 0 - San Bernardino 0
TOP OF THE 3RD
Long Island Seawolves batting - Pitching for San Bernardino Grasshoppers : RHP Jeff Mayer
Batting: RHB Jim Unknown 0-0: Swinging Strike
0-1: Ball
1-1: Ball
2-1: Called Strike
2-2: Ball
3-2: Fly out, F8 (Flyball, 8RXD)
Batting: SHB Jim Unknown 0-0: Called Strike
0-1: Ground out 5-3 (Groundball, 56)
Batting: RHB Francisco García 0-0: Foul Ball, location: 2F
0-1: Ball
1-1: Ball
2-1: Foul Ball, location: 2F
2-2: Foul Ball, location: 2F
2-2: SINGLE (Line Drive, 6MD)
Batting: RHB Jim Unknown 0-0: Called Strike
0-1: Swinging Strike
0-2: Strikes out looking
Top of the 3rd over - 0 run(s), 1 hit(s), 0 error(s), 1 left on base; Long Island 0 - San Bernardino 0
BOTTOM OF THE 3RD
San Bernardino Grasshoppers batting - Pitching for Long Island Seawolves : LHP Jim Unknown
Batting: RHB Justin Roberts 0-0: Ball
1-0: Foul Ball, location: 2F
1-1: Ball
2-1: Ball
3-1: SINGLE (Line Drive, 78S)
Batting: RHB Cecil Cole 0-0: Ball
1-0: Grounds out, U3 (Groundball, 3L)
Batting: SHB Troy Grant 0-0: Called Strike
0-1: Swinging Strike
0-2: Ground out 4-3 (Groundball, 4)
Justin Roberts to third
Batting: RHB Mark Field 0-0: Ball
1-0: Called Strike
1-1: Ground out 4-3 (Groundball, 34)
Bottom of the 3rd over - 0 run(s), 1 hit(s), 0 error(s), 1 left on base; Long Island 0 - San Bernardino 0
TOP OF THE 4TH
Long Island Seawolves batting - Pitching for San Bernardino Grasshoppers : RHP Jeff Mayer
Batting: SHB Carroll Kline 0-0: Called Strike
0-1: Ball
1-1: Foul Ball, location: 2F
1-2: Ball
2-2: SINGLE (Line Drive, 34)
Batting: RHB Roy Clay 0-0: Called Strike
0-1: Called Strike
0-2: Fly out, F8 (Flyball, 8LD)
Batting: SHB Terry Conley 0-0: Ball
1-0: Fly out, F8 (Flyball, 8RXD)
Batting: SHB Jim Unknown 0-0: Called Strike
0-1: Fly out, F7 (Flyball, 7M)
Top of the 4th over - 0 run(s), 1 hit(s), 0 error(s), 1 left on base; Long Island 0 - San Bernardino 0
BOTTOM OF THE 4TH
San Bernardino Grasshoppers batting - Pitching for Long Island Seawolves : LHP Jim Unknown
Batting: RHB Cal Robinson 0-0: Ball
1-0: Foul Ball, location: 2F
1-1: Ball
2-1: Foul Ball, location: 2F
2-2: Strikes out swinging
Batting: RHB Arlen King 0-0: Called Strike
0-1: Fly out, F6 (Line Drive, 6M)
Batting: LHB Roberto Marino 0-0: Ball
1-0: Ground out 4-3 (Groundball, 4M)
Bottom of the 4th over - 0 run(s), 0 hit(s), 0 error(s), 0 left on base; Long Island 0 - San Bernardino 0
TOP OF THE 5TH
Long Island Seawolves batting - Pitching for San Bernardino Grasshoppers : RHP Jeff Mayer
Batting: RHB David Morales 0-0: Called Strike
0-1: Foul Ball, location: 2F
0-2: Ball
1-2: Fly out, F8 (Flyball, 78D)
Batting: RHB Jim Unknown 0-0: Foul Ball, location: 2F
0-1: Ball
1-1: Foul Ball, location: 2F
1-2: Foul Ball, location: 2F
1-2: Ball
2-2: Ball
3-2: Base on Balls
Batting: SHB Jim Unknown 0-0: Called Strike
0-1: Ball
1-1: Foul Ball, location: 2F
1-2: Ball
2-2: Strikes out swinging
Batting: RHB Francisco García 0-0: Called Strike
0-1: Foul Ball, location: 2F
0-2: Foul Ball, location: 2F
0-2: Ball
1-2: Ball
2-2: Ball
3-2: Ground out 6-3 (Groundball, 6)
Top of the 5th over - 0 run(s), 0 hit(s), 0 error(s), 1 left on base; Long Island 0 - San Bernardino 0
BOTTOM OF THE 5TH
San Bernardino Grasshoppers batting - Pitching for Long Island Seawolves : LHP Jim Unknown
Batting: SHB Joe Adams 0-0: TRIPLE (Flyball, 9LS)
Batting: RHB Frank Collins 0-0: Called Strike
0-1: Ball
1-1: Foul Ball, location: 2F
1-2: Foul Ball, location: 2F
1-2: Foul Ball, location: 2F
1-2: Ball
2-2: Fly out, F9 (Flyball, 89M)
Runner from 3rd tags up, SCORES, throw made
Batting: RHB Justin Roberts 0-0: Ball
1-0: Ball
2-0: Called Strike
2-1: Foul Ball, location: 2F
2-2: Ball
3-2: Fly out, F9 (Flyball, 89M)
Batting: RHB Cecil Cole 0-0: Ball
1-0: Ball
2-0: SINGLE (Groundball, 4MD)
Batting: SHB Troy Grant 0-0: Ball
1-0: Foul Ball, location: 2F
1-1: Ground out 6-3 (Groundball, 6)
Bottom of the 5th over - 1 run(s), 2 hit(s), 0 error(s), 1 left on base; Long Island 0 - San Bernardino 1
TOP OF THE 6TH
Long Island Seawolves batting - Pitching for San Bernardino Grasshoppers : RHP Jeff Mayer
Batting: RHB Jim Unknown 0-0: Ball
1-0: Called Strike
1-1: Swinging Strike
1-2: Strikes out swinging
Batting: SHB Carroll Kline 0-0: Ground out U3 (Groundball, 3)
Batting: RHB Roy Clay 0-0: SINGLE (Flyball, 8LS)
Batting: SHB Terry Conley 0-0: Foul Ball, location: 2F
0-1: Foul Ball, location: 2F
0-2: Ball
1-2: Ball
2-2: Ball
3-2: Fly out, F7 (Flyball, 78M)
Top of the 6th over - 0 run(s), 1 hit(s), 0 error(s), 1 left on base; Long Island 0 - San Bernardino 1
BOTTOM OF THE 6TH
San Bernardino Grasshoppers batting - Pitching for Long Island Seawolves : LHP Jim Unknown
Batting: RHB Mark Field 0-0: Ground out 6-3 (Groundball, 6)
Batting: RHB Cal Robinson 0-0: Ground out 6-3 (Groundball, 6)
Batting: RHB Arlen King 0-0: Ball
1-0: Foul Ball, location: 2F
1-1: Foul Ball, location: 2F
1-2: SOLO HOME RUN (Line Drive, 78XD), Distance : 429 ft
Batting: LHB Roberto Marino 0-0: Called Strike
0-1: SINGLE (Line Drive, 9LS)
Batting: SHB Joe Adams 0-0: Ball
1-0: Foul Ball, location: 2F
1-1: Foul Ball, location: 2F
1-2: Foul Ball, location: 2F
1-2: Ball
2-2: SINGLE (Groundball, 13) (infield hit)
Roberto Marino to second
Batting: RHB Frank Collins 0-0: Ball
1-0: Called Strike
1-1: Foul Ball, location: 2F
1-2: Fielders Choice at 2nd, 5-4 (Groundball, 56)
Bottom of the 6th over - 1 run(s), 3 hit(s), 0 error(s), 1 left on base; Long Island 0 - San Bernardino 2
TOP OF THE 7TH
Long Island Seawolves batting - Pitching for San Bernardino Grasshoppers : RHP Jeff Mayer
Batting: SHB Jim Unknown 0-0: Swinging Strike
0-1: Called Strike
0-2: Foul Ball, location: 2F
0-2: DOUBLE (Groundball, 3D)
Batting: RHB David Morales 0-0: Ball
1-0: Called Strike
1-1: Ball
2-1: Foul Ball, location: 2F
2-2: Ball
3-2: Base on Balls
Pitching: RHP Freddy González
Pinch Runner at 2nd Fernando Moreno:
Pinch Hitting: LHB Jim Unknown 0-0: Bunt missed!
0-1: Ball
1-1: Sac Bunt - play at first, batter OUT! 5-4
Fernando Moreno to third
David Morales to second
Batting: SHB Jim Unknown 0-0: Ball
1-0: Fly out, F8 (Flyball, 8LM)
Runner from 3rd tags up, SCORES, no throw
Batting: RHB Francisco García 0-0: Ball
1-0: Ball
2-0: Ball
3-0: Base on Balls
Batting: RHB Jim Unknown 0-0: Called Strike
0-1: Ball
1-1: Called Strike
1-2: Strikes out swinging
Top of the 7th over - 1 run(s), 1 hit(s), 0 error(s), 2 left on base; Long Island 1 - San Bernardino 2
BOTTOM OF THE 7TH
San Bernardino Grasshoppers batting - Pitching for Long Island Seawolves : LHP Jim Unknown
Now at 1B: Jim Unknown
Now at 2B: Jim Unknown
Batting: RHB Justin Roberts 0-0: Foul Ball, location: 2F
0-1: Called Strike
0-2: Ground out 6-3 (Groundball, 6)
Batting: RHB Cecil Cole 0-0: Ball
1-0: Ball
2-0: Ground out 3-1 (Groundball, 34S)
Batting: SHB Troy Grant 0-0: Called Strike
0-1: Fly out, F8 (Flyball, 8RXD)
Bottom of the 7th over - 0 run(s), 0 hit(s), 0 error(s), 0 left on base; Long Island 1 - San Bernardino 2
TOP OF THE 8TH
Long Island Seawolves batting - Pitching for San Bernardino Grasshoppers : RHP Freddy González
Pitching: RHP Claudio Cruz
Batting: SHB Carroll Kline 0-0: Called Strike
0-1: Swinging Strike
0-2: Ball
1-2: Fly out, F9 (Line Drive, 9M)
Batting: RHB Roy Clay 0-0: Ball
1-0: Called Strike
1-1: Ball
2-1: Ball
3-1: SINGLE (Groundball, 6MD)
Batting: SHB Terry Conley 0-0: Swinging Strike
0-1: Fly out, F7 (Flyball, 78S)
Batting: RHB Jim Unknown 0-0: Ball
1-0: Ball
2-0: Ball
3-0: Called Strike
3-1: Base on Balls
Roy Clay to second
Batting: RHB David Morales 0-0: Called Strike
0-1: Called Strike
0-2: Ball
1-2: Ball
2-2: DOUBLE (Groundball, 5L)
Roy Clay scores
Jim Unknown to third
Batting: LHB Jim Unknown 0-0: Called Strike
0-1: Ball
1-1: SINGLE (Line Drive, 4MD)
Jim Unknown scores
David Morales to third
Runner from 3rd tries for Home, SAFE, no throw or cutoff
Pitching: RHP Jorge Guerrero
Batting: SHB Jim Unknown 0-0: Ball
1-0: Ball
2-0: Called Strike
2-1: Ground out 4-3 (Groundball, 34)
Top of the 8th over - 3 run(s), 3 hit(s), 0 error(s), 1 left on base; Long Island 4 - San Bernardino 2
BOTTOM OF THE 8TH
San Bernardino Grasshoppers batting - Pitching for Long Island Seawolves : LHP Jim Unknown
Batting: RHB Mark Field 0-0: Ball
1-0: Ball
2-0: Ball
3-0: Called Strike
3-1: DOUBLE (Groundball, 3D)
Batting: RHB Cal Robinson 0-0: Called Strike
0-1: 2-RUN HOME RUN (Flyball, 7D), Distance : 398 ft
Pinch Hitting: RHB Sergio Ortíz 0-0: Ball
1-0: Swinging Strike
1-1: Fly out, F4 (Popup, 4D)
Pinch Hitting: RHB Alfonso Enríquez 0-0: Foul Ball, location: 2F
0-1: Called Strike
0-2: Strikes out looking
Pinch Hitting: RHB Andrew Floyd 0-0: Ball
1-0: Called Strike
1-1: Foul Ball, location: 2F
1-2: SINGLE (Line Drive, 4M)
Batting: RHB Frank Collins 0-0: Ball
1-0: Ball
2-0: Ball
3-0: Called Strike
3-1: Foul Ball, location: 2F
3-2: Foul Ball, location: 2F
3-2: Reached on error, E6 (Groundball, 56)
Andrew Floyd to second
Batting: RHB Justin Roberts 0-0: Called Strike
0-1: Foul Ball, location: 2F
0-2: Ball
1-2: Ball
2-2: Foul Ball, location: 2F
2-2: Foul Ball, location: 2F
2-2: Fly out, F9 (Line Drive, 89M)
Bottom of the 8th over - 2 run(s), 3 hit(s), 1 error(s), 2 left on base; Long Island 4 - San Bernardino 4
TOP OF THE 9TH
Long Island Seawolves batting - Pitching for San Bernardino Grasshoppers : RHP Jorge Guerrero
Pitching: RHP Steven Jones
Now at 1B: Sergio Ortíz
Now at 3B: Wallace James
Now in CF: Alfonso Enríquez
Batting: RHB Francisco García 0-0: Called Strike
0-1: Called Strike
0-2: Strikes out looking
Batting: RHB Jim Unknown 0-0: Ball
1-0: SINGLE (Groundball, 3D)
Batting: SHB Carroll Kline 0-0: Ball
1-0: Grounds into double play, U4-3 (Groundball, 4M)
Top of the 9th over - 0 run(s), 1 hit(s), 0 error(s), 0 left on base; Long Island 4 - San Bernardino 4
BOTTOM OF THE 9TH
San Bernardino Grasshoppers batting - Pitching for Long Island Seawolves : LHP Jim Unknown
Pinch Hitting: LHB Dave Harris 0-0: Ball
1-0: Ball
2-0: Foul Ball, location: 2F
2-1: SINGLE (Line Drive, 4MD)
Pitching: RHP Jim Unknown
Batting: SHB Troy Grant 0-0: Ball
1-0: Sac Bunt - play at first, batter OUT! 1-4
Dave Harris to second
Batting: RHB Mark Field 0-0: Intentional Walk
Pinch Hitting: LHB Eric Porter 0-0: Called Strike
0-1: Grounds into double play, 6-4-3 (Groundball, 6M)
Bottom of the 9th over - 0 run(s), 1 hit(s), 0 error(s), 1 left on base; Long Island 4 - San Bernardino 4
TOP OF THE 10TH
Long Island Seawolves batting - Pitching for San Bernardino Grasshoppers : RHP Steven Jones
Now at SS: Fernando Díaz
Now in LF: Dave Harris
Batting: RHB Roy Clay 0-0: Ball
1-0: Ball
2-0: Ball
3-0: Base on Balls
Batting: SHB Terry Conley 0-0: Ball
1-0: Ball
2-0: Ball
3-0: Called Strike
3-1: Base on Balls
Roy Clay to second
Batting: RHB Jim Unknown 0-0: Ball
1-0: Bunt missed!
1-1: Bunted foul
1-2: Ball
2-2: Foul Ball, location: 2F
2-2: Grounds into double play, 6-4-3 (Groundball, 6)
Roy Clay to third
Batting: RHB David Morales 0-0: Ground out 6-3 (Groundball, 6)
Top of the 10th over - 0 run(s), 0 hit(s), 0 error(s), 1 left on base; Long Island 4 - San Bernardino 4
BOTTOM OF THE 10TH
San Bernardino Grasshoppers batting - Pitching for Long Island Seawolves : RHP Jim Unknown
Batting: RHB Sergio Ortíz 0-0: Called Strike
0-1: Foul Ball, location: 2F
0-2: Ball
1-2: Ball
2-2: Strikes out looking
Batting: RHB Alfonso Enríquez 0-0: SINGLE (Groundball, 34D)
Pinch Hitting: SHB Bernardo Hernández 0-0: Ball
1-0: SINGLE (Groundball, 56D) (infield hit)
Alfonso Enríquez to second
Pinch Hitting: RHB Bryan Armstrong 0-0: Called Strike
0-1: SINGLE (Groundball, 4MD)
Alfonso Enríquez to third
Bernardo Hernández to second
Runner from 3rd tries for Home, SAFE, no throw or cutoff
This league is powered by Out of the Park Baseball, the baseball management simulation game for PC, Mac and Linux
Friday, January 22nd, 2016 - OOTP Baseball 16.9 Build 39